 Dungeon Crawl Stone Soup version 0.28.0-1-gb440e238dd (webtiles) character file.

Game seed: 2107171285830696217

761 fragbeetle the Basher (level 7, -2/66 HPs)
             Began as a Troll Monk on Feb 21, 2022.
             Was a Priest of Wu Jian.
             Slain by a sky beast (6 damage)
             ... on level 5 of the Dungeon.
             The game lasted 00:07:15 (3380 turns).

fragbeetle the Basher (Troll Monk)                  Turns: 3380, Time: 00:07:16

Health: -2/66      AC:  4    Str: 22    XL:     7   Next: 51%
Magic:  6/6        EV: 10    Int:  6    God:    Wu Jian [***...]
Gold:   187        SH:  0    Dex: 12    Spells: 5/6 levels left

rFire   . . .      SeeInvis .   a - +0 mace
rCold   . . .      Faith    .   (no shield)
rNeg    . . .      Spirit   .   m - +0 robe
rPois   .          Reflect  .   (helmet restricted)
rElec   .          Harm     .   (no cloak)
rCorr   .          Rampage  .   (gloves unavailable)
Will    .....                   (boots unavailable)
Stlth   ++........              (no amulet)
HPRegen 1.01/turn               (no ring)
MPRegen 0.10/turn               (no ring)

@: exhausted
A: large, unfitting armour, claws 3, regeneration 1, shaggy fur 1, tough skin 1
a: Renounce Religion, Wall Jump, Serpent's Lash


You were on level 5 of the Dungeon.
You worshipped Wu Jian.
Wu Jian was most pleased with you.
You visited 1 branch of the dungeon, and saw 5 of its levels.

You collected 187 gold pieces.

Inventory:

Hand Weapons
 a - a +0 mace (weapon)
 p - a +0 giant club
Missiles
 h - 4 boomerangs (quivered)
 o - 6 poisoned darts
Armour
 m - a +0 robe (worn)
Scrolls
 b - a scroll of teleportation {unknown}
 c - a scroll of immolation {unknown}
 d - a scroll of enchant armour {unknown}
 i - 2 scrolls of amnesia {unknown}
 j - a scroll of identify {unknown}
 n - a scroll of noise {unknown}
 q - a scroll of vulnerability {unknown}
 r - a scroll of magic mapping {unknown}
Potions
 e - 4 potions of curing {unknown}
 f - a potion of lignification {unknown}
 g - 3 potions of attraction {unknown}
 k - a potion of mutation {unknown}
 l - a potion of degeneration {unknown}


   Skills:
 - Level 2.4 Fighting
 * Level 8.2 Maces & Flails
 - Level 2.4 Dodging
 - Level 1.0 Stealth


You had 5 spell levels left.
You knew the following spells:

 Your Spells              Type           Power      Damage    Failure   Level
a - Apportation           Tloc           0%         N/A       45%         1

Your spell library contained the following spells:

 Spells                   Type           Power      Damage    Failure   Level
 Alistair's Intoxication  Tmut/Pois      0%         N/A       100%        5


Dungeon Overview and Level Annotations

Branches:
Dungeon (5/15)
 Temple: D:4-7

Altars:
Gozag
Makhleb
Nemelex Xobeh
Sif Muna
Wu Jian

Annotations:
D:2 Sigmund
D:3 2 runed translucent doors, avis's ghost, amateur HOMo


Innate Abilities, Weirdness & Mutations

You are too large for most types of armour.
You have claws for hands.
Your natural rate of healing is unusually fast.
You are covered in fur. (AC +1)
You have tough skin. (AC +1)


Message History

The sky beast is heavily wounded.
The sky beast hits you but does no damage.
You barely miss the sky beast.
The sky beast is heavily wounded.
The sky beast misses you.
You hit the sky beast.
The sky beast is heavily wounded.
The sky beast hits you. The sky beast shocks you.
You barely miss the sky beast.
The sky beast is heavily wounded.
The sky beast barely misses you.
You thump the sky beast!
The sky beast is almost dead.
The sky beast hits you but does no damage.
You closely miss the sky beast.
The sky beast is almost dead.
The sky beast hits you. The sky beast shocks you.
* * * LOW HITPOINT WARNING * * *
You closely miss the sky beast.
The sky beast is almost dead.
The sky beast hits you.
* * * LOW HITPOINT WARNING * * *
The sky beast shocks you.
* * * LOW HITPOINT WARNING * * *
You hit the sky beast.
The sky beast is almost dead.
The sky beast misses you.
You miss the sky beast.
The sky beast is almost dead.
The sky beast hits you.
* * * LOW HITPOINT WARNING * * *
The sky beast shocks you.
* * * LOW HITPOINT WARNING * * *
You miss the sky beast.
You claw the sky beast, but do no damage.
The sky beast is almost dead.
The sky beast hits you.
* * * LOW HITPOINT WARNING * * *
The sky beast shocks you.
You die...

#..........#
#..........######
#..........##8_8#
#.##+##..(###...######
#.##.##)..###...#....#
...>.[......##.##....#
......................#
.......................#
####...##.##..@Y##...#
#...##.##....##...#
...................#
....................#
.!...........$......#
..............#
..............#
..............#
##....####....#


You could see a sky beast.

Vanquished Creatures
  Grinder (D:3)
  A black bear (D:4)
  An ogre (D:4)
  3 scorpions (D:4)
  A bullfrog zombie (D:5)
  A hound (D:5)
  An orc wizard (D:4)
  5 adders
  3 worms
  A dart slug (D:1)
  15 orcs
  2 ball pythons (D:3)
  6 endoplasms
  5 giant cockroaches
  6 hobgoblins
  2 jackals (D:3)
  8 kobolds
  A quokka (D:4)
  A bat (D:1)
  4 goblins
  2 rats
70 creatures vanquished.

Vanquished Creatures (others)
  7 plants (D:1)
7 creatures vanquished.

Grand Total: 77 creatures vanquished

Notes
Turn   | Place    | Note
-------+----------+-------------------------------------------
     0 | D:1      | fragbeetle the Troll Monk began the quest for the Orb.
     0 | D:1      | Reached XP level 1. HP: 22/22 MP: 0/0
    96 | D:1      | Reached skill level 3 in Maces & Flails
   338 | D:1      | Reached XP level 2. HP: 29/29 MP: 1/1
   906 | D:2      | Found a faded altar of an unknown god.
   986 | D:2      | Noticed Sigmund
  1256 | D:3      | Reached XP level 3. HP: 36/36 MP: 2/2
  1302 | D:3      | Reached skill level 4 in Maces & Flails
  1358 | D:3      | Found an ornate altar of the Wu Jian Council.
  1382 | D:3      | Became a worshipper of the Wu Jian Council
  1382 | D:3      | Reached * piety under Wu Jian
  1382 | D:3      | Reached ** piety under Wu Jian
  1621 | D:3      | Found a large runed translucent door.
  1622 | D:3      | Found a large runed translucent door.
  1635 | D:3      | Noticed avis's ghost (amateur HOMo)
  1765 | D:3      | Reached XP level 4. HP: 44/44 MP: 3/3
  2046 | D:3      | Noticed Grinder
  2063 | D:3      | Killed Grinder
  2064 | D:3      | Reached skill level 6 in Maces & Flails
  2064 | D:3      | Reached XP level 5. HP: 29/50 MP: 4/4
  2064 | D:3      | Reached XP level 6. HP: 34/59 MP: 5/5
  2400 | D:4      | Found a sparkling altar of Nemelex Xobeh.
  2568 | D:4      | Learned a level 1 spell: Apportation
  2736 | D:4      | Reached *** piety under Wu Jian
  2870 | D:4      | Reached skill level 7 in Maces & Flails
  2914 | D:4      | Reached XP level 7. HP: 47/66 MP: 6/6
  2976 | D:4      | Found a shimmering blue altar of Sif Muna.
  2976 | D:4      | Found a burning altar of Makhleb.
  3023 | D:4      | Reached skill level 8 in Maces & Flails
  3230 | D:5      | Entered Level 5 of the Dungeon
  3330 | D:5      | Found an opulent altar of Gozag.
  3380 | D:5      | Slain by a sky beast

Illustrated notes

Levels and vault maps discovered:
D:1:      lightli_molten_gateway, layout_basic, serial_bayou_pond_a,
          serial_bayou_ford_a
D:2:      layout_basic, chequers_ecumenical_altar_simple_redux,
          minmay_distorted, uniq_sigmund
D:3:      layout_basic, nicolae_wu_jian_wuxing_cycle,
          ebering_ghost_disaster_area, lemuel_flame_loot_1, uniq_grinder
D:4:      layout_loops_cross, mainiacjoe_overflow_six_doors_small,
          jmf_multi_god_temple
D:5:      layout_gridville, grunt_qazlal_sundering, grunt_gozag_breadcrumbs

Skill      XL: |  1  2  3  4  5  6  7 |
---------------+----------------------+-----
Maces & Flails | 3 4 6 7 8 |  8.2
Fighting       | |  2.4
Dodging        | |  2.4
Stealth        | |  1.0

Action                   |  1- 3 |  4- 6 |  7- 9 || total
-------------------------+-------+-------+-------++-------
Melee: Mace              |   114 |   106 |    67 ||   287
       Punch             |     1 |     2 |     1 ||     4
Throw: Boomerang         |       |     1 |       ||     1
Invok: Lunge             |     3 |     4 |     1 ||     8
       Whirlwind         |       |       |     7 ||     7
       Serpent's Lash    |       |       |     2 ||     2
 Stab: Sleeping          |     2 |     1 |     2 ||     5
       Distracted        |     1 |       |       ||     1
Armor: Robe              |    25 |    17 |    21 ||    63
Dodge: Dodged            |    56 |    37 |    20 ||   113
